 Dungeon Sprint DCSS version 0.30-a0-996-ga6910c8ee8 (webtiles) character file.

Game seed: 6466694626763202310

66 DiggyJ the Chopper (level 3, -5/58 HPs)
             Began as a Troll Berserker on Apr 4, 2023.
             Was an Elder of Trog.
             Slain by a water moccasin (7 damage)
             ... in the Dungeon (Sprint VII: "The Pits").
             The game lasted 00:01:23 (269 turns).

DiggyJ the Chopper (Troll Berserker)                 Turns: 269, Time: 00:01:23

Health: -5/58      AC:  4    Str: 27    XL:     3   Next: 96%
Magic:  2/2        EV: 10    Int:  3    God:    Trog [****..]
Gold:   0          SH:  0    Dex:  9    Spells: 2/2 levels left

rFire   . . .      SeeInvis .    l - +0 hand axe (heavy)
rCold   . . .      Faith    .    (no shield)
rNeg    . . .      Spirit   .    b - +0 animal skin
rPois   .          Reflect  .    (helmet restricted)
rElec   .          Rampage  .    (no cloak)
rCorr   .          NoTele   +    (gloves unavailable)
Will    .....                    (boots unavailable) Stlth
                                 (no amulet)
HPRegen 1.09/turn                (no ring)
MPRegen 0.08/turn                (no ring)

@: berserking (expiring), lethally poisoned (-5 -> -17), very quick
A: large, unfitting armour, claws 3, regeneration 1, shaggy fur 1, tough skin 1
a: Renounce Religion, Berserk, Trog's Hand, Brothers in Arms


You were in the Dungeon.
You worshipped Trog.
Trog was greatly pleased with you.
You visited 1 branch

Inventory:

Hand Weapons
 a - a +0 hand axe
 i - a +2 hand axe
 l - a +0 heavy hand axe (weapon)
Armour
 b - a +0 animal skin (worn)
Scrolls
 h - a scroll of blinking
 k - a scroll of summoning
Potions
 c - 6 potions of curing
 d - 6 potions of heal wounds
 e - a potion of haste
 f - 4 potions of magic
 g - 3 potions of berserk rage
 j - 2 potions of invisibility


   Skills:
 + Level 4.3 Fighting
 + Level 4.7 Axes
 + Level 4.2 Dodging


You had 2 spell levels left.
You didn't know any spells.
Your spell library was empty.

Dungeon Overview and Level Annotations

Branches:
Dungeon (1/1)

Altars:
Ashenzari
Cheibriados
Dithmenos
Elyvilon
Fedhas
Gozag
Hepliaklqana
Kikubaaqudgha
Makhleb
Nemelex Xobeh
Okawaru
Qazlal
Ru
Sif Muna
Trog
Uskayaw
Vehumet
Wu Jian
Xom
Yredelemnul
Zin
The Shining One
Jiyva
Lugonu


Innate Abilities, Weirdness & Mutations

You are too large for most types of armour.
You have claws for hands.
Your natural rate of healing is unusually fast.
You are covered in fur. (AC +1)
You have tough skin. (AC +1)


Message History

The jackal skeleton misses you. The water moccasin barely misses you.
You miss the water moccasin.
The water moccasin is moderately wounded.
You slash the jackal skeleton!
You destroy the jackal skeleton!
Trog accepts your kill. The water moccasin bites you.
You are poisoned.
The water moccasin poisons you! The water moccasin barely misses you.
You closely miss the water moccasin.
The water moccasin is moderately wounded.
You feel very sick. The water moccasin bites you!
You are more poisoned.
The water moccasin poisons you!
You closely miss the water moccasin.
The water moccasin is moderately wounded.
You feel very sick. The water moccasin bites you.
You are more poisoned.
The water moccasin poisons you! The water moccasin bites you!
You miss the water moccasin.
The water moccasin is moderately wounded.
You feel extremely sick. The water moccasin bites you!
* * * LOW HITPOINT WARNING * * *
You are lethally poisoned!
The water moccasin poisons you!
You miss the water moccasin.
The water moccasin is moderately wounded.
* * * LOW HITPOINT WARNING * * *
You feel extremely sick. The water moccasin closely misses you.
The water moccasin bites you but does no damage.
You miss the water moccasin.
The water moccasin is moderately wounded.
* * * LOW HITPOINT WARNING * * *
You feel very sick. The water moccasin bites you!
You die...

#.#..####))##.....
#.#..#..#))##.....
#.#..#..#..##.....
#.##'#..#'###...<.
#.#........##.....
#.#...†....##.....
#'###########.....
#.......# ######
#@.#.#..# #S## #
#g. #.## #.. #..
###


You could see a water moccasin and a gnoll.

Vanquished Creatures
  An iron imp (D)
  2 adders (D)
  A river rat (D)
  An adder skeleton (D)
  An endoplasm (D)
  3 jackals (D)
  A ball python skeleton (D)
  A bat (D)
  A frilled lizard (D)
  A jackal skeleton (D)
13 creatures vanquished.

Notes
Turn   | Place    | Note
-------+----------+-------------------------------------------
     0 | D        | DiggyJ the Troll Berserker began the quest for the Orb.
     0 | D        | Reached XP level 1. HP: 22/22 MP: 0/0
    21 | D        | HP: 1/22 [river rat (7)]
    24 | D        | Reached XP level 2. HP: 5/31 MP: 1/1
    79 | D        | Found a bloodstained altar of Trog.
    79 | D        | Found a shimmering blue altar of Sif Muna.
    79 | D        | Found a viscous altar of Jiyva.
    79 | D        | Found a hazy altar of Hepliaklqana.
    79 | D        | Found an opulent altar of Gozag.
    80 | D        | Found a glowing golden altar of the Shining One.
    80 | D        | Found a glowing silver altar of Zin.
    80 | D        | Found a basalt altar of Yredelemnul.
    80 | D        | Found a shimmering altar of Xom.
    80 | D        | Found an ornate altar of the Wu Jian Council.
    80 | D        | Found a sacrificial altar of Ru.
    80 | D        | Found a stormy altar of Qazlal.
    80 | D        | Found an iron altar of Okawaru.
    80 | D        | Found a sparkling altar of Nemelex Xobeh.
    80 | D        | Found a burning altar of Makhleb.
    80 | D        | Found a blossoming altar of Fedhas.
    80 | D        | Found a white marble altar of Elyvilon.
    80 | D        | Found a shadowy altar of Dithmenos.
    80 | D        | Found a snail-covered altar of Cheibriados.
    82 | D        | Found a radiant altar of Vehumet.
    82 | D        | Found a corrupted altar of Lugonu.
    83 | D        | Found a hide-covered altar of Uskayaw.
    83 | D        | Found an ancient bone altar of Kikubaaqudgha.
    83 | D        | Found a broken altar of Ashenzari.
   107 | D        | Reached ** piety under Trog
   120 | D        | Reached XP level 3. HP: 36/39 MP: 2/2
   121 | D        | Reached *** piety under Trog
   169 | D        | Reached **** piety under Trog
   259 | D        | Noticed a water moccasin
   269 | D        | HP: 2/58 [poisoned by a water moccasin]
   269 | D        | Slain by a water moccasin

Illustrated notes

Levels and vault maps discovered:
D:        pitsprint [storerooms_1, entrance_room_1, metal_vault_8, armoury_1,
          mini_pit_1, grid_room_1, main_hall_1, silver_pit, the_coven_1,
          the_vestibule_1, steel_vault_3, golden_pit, hallway_of_sentries,
          crystal_vault_1, iron_vault_2, final_vault]

Skill      XL: |  1  2  3 |
---------------+----------+-----
Fighting       | 3 4 |  4.3
Axes           | 3 4 |  4.7
Dodging        | 3 4 |  4.2

Action                     || total
---------------------------++-------
  Melee: Hand axe          ||    56
         Punch             ||     1
 Invoke: Berserk           ||     1
 Armour: Animal skin       ||    15
  Dodge: Dodged            ||    27

Table legend: (Time is in decaauts)
 A = Elapsed time spent in this place.
 B = Non-inter-level travel time spent in this place.
 C = Inter-level travel time spent in this place.
 D = Time resting spent in this place.
 E = Time spent auto-exploring this place.
 F = Levels seen in this place.
 G = Mean time per level.
                   A        B        C        D        E       F      G
               +--------+--------+--------+--------+--------+-----+--------+
         Total |    274 |    259 |     15 |     40 |      0 |   1 |  274.0 |
       Dungeon |    274 |    259 |     15 |     40 |      0 |   1 |  274.0 |
               +--------+--------+--------+--------+--------+-----+--------+

Top non-repeatable levels by time:
       D: 274 daAuts
